 Dungeon Crawl Stone Soup version 0.27.0-1-g7a089689b8 (webtiles) character file.

Game seed: 3979572809799047081

7644 Spaninq the Unseen (level 10, -9/53 HPs)
             Began as a Spriggan Delver on Aug 3, 2021.
             Was an Elder of Dithmenos.
             Mangled by Urug (26 damage)
             ... on level 10 of the Dungeon.
             The game lasted 00:31:41 (9521 turns).

Spaninq the Unseen (Spriggan Delver)                Turns: 9521, Time: 00:31:41

Health: -9/53      AC:  5    Str: 14    XL:     10   Next: 99%
Magic:  11/11      EV: 25    Int: 11    God:    Dithmenos [****..]
Gold:   456        SH:  0    Dex: 21    Spells: 9/9 levels left

rFire    . . .     SeeInvis +   E - +2 dagger (venom)
rCold    . . .     Faith    .   (shield restricted)
rNeg     . . .     Spirit   .   i - +0 steam dragon scales
rPois    .         Reflect  .   (helmet restricted)
rElec    .         Harm     .   (no cloak)
rCorr    .         Rampage  .   (gloves unavailable)
Will     +....                  (boots unavailable)
Stlth    ++++++++++             x - amulet of regeneration
HPRegen  1.17/turn              u - +6 ring of strength
MPRegen  0.12/turn              (no ring)

@: mighty, lethally poisoned (-9 -> -17), wreathed by umbra, studying Staves,
very quick
A: very small, no large weapons, unfitting armour, see invisible, speed 3
a: Renounce Religion, Shadow Step


You were on level 10 of the Dungeon.
You worshipped Dithmenos.
Dithmenos was greatly pleased with you.
You visited 2 branches of the dungeon, and saw 11 of its levels.

You collected 456 gold pieces.

Inventory:

Hand Weapons
 b - a +4 hand axe
 k - a +0 quarterstaff
 o - a +5 dagger of electrocution
 E - a +2 dagger of venom (weapon)
Armour
 i - +0 steam dragon scales (worn)
 B - a +1 robe of willpower
Jewellery
 a - a ring of protection from cold
 h - a ring of flight
 r - a ring of protection from fire
 u - a +6 ring of strength (left hand)
 x - an amulet of regeneration (around neck)
 y - a ring of positive energy
Wands
 g - a wand of digging (3)
 t - a wand of flame (11)
 w - a wand of mindburst (8)
Scrolls
 c - a scroll of fog
 d - a scroll of magic mapping
 e - 2 scrolls of fear
 n - a scroll of blinking
 q - 3 scrolls of enchant armour
 C - 2 scrolls of teleportation
Potions
 f - 4 potions of haste
 j - 2 potions of mutation
 l - a potion of heal wounds {unknown}
 m - 2 potions of might
 s - 2 potions of curing {unknown}
 v - 2 potions of brilliance {unknown}
 z - a potion of cancellation {unknown}
 A - 2 potions of magic {unknown}
 D - a potion of attraction {unknown}
Miscellaneous
 p - a lightning rod (4/4)


   Skills:
 + Level 6.5 Fighting
 - Level 10.0 Short Blades
 + Level 2.6 Staves
 + Level 9.7 Dodging
 * Level 15.9 Stealth


You had 9 spell levels left.
You didn't know any spells.
Your spell library contained the following spells:

 Spells                   Type           Power      Damage    Failure   Level
 Beastly Appendage        Tmut           0%         N/A       34%         1
 Foxfire                  Conj/Fire      0%         2x1d4     34%         1
 Sting                    Tmut/Pois      0%         1d3       34%         1
 Corpse Rot               Necr/Air       N/A        N/A       47%         2
 Passwall                 Tmut/Erth      0%         N/A       47%         2
 Poisonous Vapours        Pois/Air       0%         N/A       47%         2
 Wereblood                Tmut           0%         N/A       47%         2
 Conjure Flame            Conj/Fire      0%         6-21      71%         3
 Inner Flame              Hex/Fire       0%         N/A       71%         3
 Spider Form              Tmut/Pois      0%         N/A       71%         3
 Cause Fear               Hex            0%         N/A       98%         4
 Blade Hands              Tmut           0%         N/A       100%        5
 Freezing Cloud           Conj/Ice/Air   0%         6-21      100%        5
 Dragon Form              Tmut           0%         N/A       100%        7
 Necromutation            Tmut/Necr      0%         N/A       100%        8
 Dragon's Call            Summ           0%         N/A       100%        9


Dungeon Overview and Level Annotations

Branches:
Dungeon (10/15)            Temple (1/1) D:7            Lair (0/6) D:10
    Orc: D:9-12

Altars:
Ashenzari
Cheibriados
Dithmenos
Elyvilon
Fedhas
Gozag
Hepliaklqana
Kikubaaqudgha
Makhleb
Nemelex Xobeh
Okawaru
Qazlal
Ru
Sif Muna
Trog
Uskayaw
Vehumet
Wu Jian
Xom
Yredelemnul
Zin
The Shining One

Shops:
D:10 =

Annotations:
D:10 Urug


Innate Abilities, Weirdness & Mutations

You are very small and have problems with some larger weapons.
You are too small for most types of armour.
You have supernaturally acute eyesight. (SInv)
You cover ground extremely quickly. (Speed+++)


Message History

You now have 444 gold pieces (gained 9).
You open the door.
There is an open door here.
Found Cuaro's Jewellery Emporium.
There is an entrance to Cuaro's Jewellery Emporium here.
y - a ring of positive energy
Found a stone staircase leading up.
There is a stone staircase leading up here.
Found 19 arrows.
You see here 19 arrows.
m - 3 silvery potions (gained 1)
You open the door.
There is an open door here.
You now have 456 gold pieces (gained 12).
Urug the Orcish Ballista comes into view.
She is wielding a +2 eveningstar of venom and wearing a +2 scale mail of fire resistance.
Found 36 gold pieces.
You see here 18 gold pieces.
Found 9 gold pieces.
You see here 12 gold pieces.
Urug closely misses you.
You see here 15 gold pieces.
You hit Urug but do no damage.
Your +5 dagger of electrocution stops crackling.
Your +2 dagger of venom begins to drip with poison!
E - a +2 dagger of venom (weapon)
Urug hits you with a +2 eveningstar of venom!!
You emit a cloud of dark smoke.
You are poisoned.
You hit Urug but do no damage.
Urug is poisoned.
Your shadow hits Urug but does no damage.
You feel very sick.
It was a potion of might.
You feel very mighty all of a sudden.
You feel very sick. Urug completely misses you.
You closely miss Urug.
Urug is lightly wounded.
You feel sick.
Urug hits you with a +2 eveningstar of venom!!
You die...

### #### #..
§§# #.# # +o#
#.# #$ +@# #.#
#$+++§# #.#
#$$.§§####.####
###'###.......#
##
#.##.###.##.# .
#....# #.##.#
## ####.#
#.##.#######>
#.#
#............
#.#
####.########


You could see Urug (very poisoned).

Vanquished Creatures
  A catoblepas (D:8)
  A two-headed ogre (D:9)
  A cyclops (D:8)
  An unseen horror (D:8)
  2 hornets (D:7)
  2 wyverns
  A basilisk (D:8)
  3 steam dragons
  Menkaure (D:5)
  3 water moccasins
  4 orc warriors
  2 ice beasts (D:7)
  3 sky beasts
  A black bear (D:8)
  2 necrophages
  4 ogres
  7 centaurs
  2 kobold brigands
  2 gnoll sergeants
  3 scorpions
  2 bullfrogs
  2 wyvern skeletons
  A water moccasin skeleton (D:5)
  3 killer bees (D:7)
  9 wights
  A howler monkey (D:5)
  3 centaur zombies
  A bullfrog zombie (D:5)
  2 jellies
  2 hounds
  3 orc priests
  2 bullfrog skeletons
  A centaur skeleton (D:7)
  2 gnoll shamans
  3 iguanas
  3 orc wizards
  A hound zombie (D:5)
  6 adders
  12 gnolls
  4 shadow imps
  2 white imps
  An adder zombie (D:5)
  3 worms
  A dart slug (D:1)
  16 orcs
  5 endoplasms
  2 giant cockroaches (D:2)
  10 goblins
  8 hobgoblins
  2 jackals (D:4)
  2 quokkas
  8 ball pythons
  6 bats
  2 frilled lizards
  10 kobolds
  A spectral kobold (D:5)
188 creatures vanquished.

Notes
Turn   | Place    | Note
-------+----------+-------------------------------------------
     0 | D:5      | Spaninq the Spriggan Delver began the quest for the Orb.
     0 | D:5      | Reached XP level 1. HP: 11/11 MP: 2/2
    17 | D:5      | Noticed an ogre
    18 | D:5      | Noticed an iguana
    48 | D:5      | Noticed a necrophage
    54 | D:5      | Found an iron altar of Okawaru.
    57 | D:5      | Killed a necrophage
    58 | D:5      | Reached XP level 2. HP: 16/16 MP: 3/3
    58 | D:5      | Reached XP level 3. HP: 19/19 MP: 4/4
    58 | D:5      | Reached XP level 4. HP: 23/23 MP: 5/5
   280 | D:5      | Noticed Menkaure
   308 | D:5      | Reached skill level 8 in Stealth
   435 | D:6      | Noticed a centaur
   435 | D:6      | Noticed a centaur
   523 | D:6      | Noticed a necrophage
   612 | D:6      | Noticed a centaur
   623 | D:6      | Noticed a scorpion
   624 | D:6      | Noticed a sky beast
   639 | D:6      | Noticed an ogre
   747 | D:6      | Noticed a sky beast
   754 | D:6      | Killed a sky beast
   755 | D:6      | Reached XP level 5. HP: 7/28 MP: 6/6
  1092 | D:4      | Noticed an ogre
  1555 | D:3      | Found a bloodstained altar of Trog.
  1714 | D:3      | Found a sacrificial altar of Ru.
  1714 | D:3      | Found an ancient bone altar of Kikubaaqudgha.
  1714 | D:3      | Found a sparkling altar of Nemelex Xobeh.
  1715 | D:3      | Found a shadowy altar of Dithmenos.
  1729 | D:3      | Became a worshipper of Dithmenos the Shadowed
  2285 | D:1      | Reached XP level 6. HP: 32/32 MP: 7/7
  3059 | D:2      | Reached * piety under Dithmenos
  3225 | D:2      | Found a faded altar of an unknown god.
  4264 | D:4      | Reached skill level 5 in Short Blades
  4305 | D:4      | Found a glowing golden altar of the Shining One.
  4399 | D:4      | Reached skill level 9 in Stealth
  4455 | D:4      | Reached XP level 7. HP: 36/36 MP: 8/8
  4484 | D:4      | Reached skill level 5 in Dodging
  4842 | D:5      | Killed Menkaure
  4988 | D:5      | Found a hazy altar of Hepliaklqana.
  5178 | D:5      | Reached skill level 10 in Stealth
  5218 | D:5      | Found a hazy altar of Hepliaklqana.
  5283 | D:5      | Found an iron altar of Okawaru.
  5492 | D:5      | Reached XP level 8. HP: 42/42 MP: 9/9
  5773 | D:6      | Reached ** piety under Dithmenos
  5853 | D:6      | Reached skill level 11 in Stealth
  6257 | D:7      | Reached skill level 12 in Stealth
  6304 | D:7      | Reached XP level 9. HP: 46/46 MP: 10/10
  6492 | D:7      | Found a staircase to the Ecumenical Temple.
  6835 | D:6      | Reached skill level 5 in Fighting
  7021 | D:7      | Reached *** piety under Dithmenos
  7031 | D:7      | Reached skill level 13 in Stealth
  7307 | Temple   | Entered the Ecumenical Temple
  7442 | D:8      | Noticed a catoblepas
  7462 | D:8      | Reached XP level 10. HP: 51/51 MP: 11/11
  7585 | D:8      | Noticed a cyclops
  7651 | D:8      | Got the Handbook of Transformation
  7786 | D:8      | Reached skill level 14 in Stealth
  8076 | D:8      | Killed a catoblepas
  8077 | D:8      | Reached skill level 10 in Short Blades
  8516 | D:8      | Killed a cyclops
  8517 | D:8      | Reached skill level 15 in Stealth
  8595 | D:8      | Reached **** piety under Dithmenos
  8652 | D:9      | Reached skill level 1 in Staves
  8893 | D:9      | Found an ornate altar of the Wu Jian Council.
  8959 | D:9      | Noticed a two-headed ogre
  8979 | D:9      | Killed a two-headed ogre
  9011 | D:9      | Found a shimmering blue altar of Sif Muna.
  9175 | D:9      | Found a blossoming altar of Fedhas.
  9315 | D:10     | Entered Level 10 of the Dungeon
  9333 | D:10     | Found a staircase to the Lair.
  9397 | D:10     | Found a radiant altar of Vehumet.
  9406 | D:10     | Found Cuaro's Jewellery Emporium.
  9514 | D:10     | Noticed Urug
  9521 | D:10     | Mangled by Urug

Illustrated notes

Levels and vault maps discovered:
D:1:      enne_arrival_octagon_isle, layout_basic
D:2:      minmay_general_purpose_star, layout_basic,
          hellmonk_ecumenical_altar_arch_garden
D:3:      layout_basic, grunt_temple_overflow_open,
          nicolae_overflow_hidden_temple, serial_corexii_hall,
          corexii_hall_statues_u, corexii_hall_statues_i,
          chequers_hall_statues_y, chequers_hall_statues_corner_a,
          kennysheep_generic_room_11
D:4:      layout_gridville, mainiacjoe_overflow_paths, portal_sewer_entry_e,
          kennysheep_decorative_pillar
D:5:      layout_basic, nicolae_hepliaklqana_monster_ancestors,
          okawaru_ov_weapons_minmay, uniq_menkaure
D:6:      layout_basic, st_stairs_4, minmay_manual_mares
D:7:      layout_basic, minmay_temple_entry_wispy, chequers_arboretum,
          minmay_alternating_orb
D:8:      layout_loops_corners, minmay_radiant
D:9:      layout_gridville, lemuel_doored_altar, fedhas_altar_fruit_tree,
          lemuel_tele_altar
D:10:     layout_loops_corners, nicolae_vehumet_altar_sigil, lair_entry_dummy,
          enter_trove_6, serial_shops, shop, shop, grunt_ministairs_7,
          roderic_batcave, uniq_urug, uniq_erolcha, uniq_nergalle
Temple:   eino_wide_crystal_templ

Skill      XL: |  1  2  3  4  5  6  7  8  9 10 |
---------------+-------------------------------+-----
Short Blades   | 3 4 5 6 8 9 10 | 10.0
Dodging        | 3 4 5 6 8 9 |  9.7
Fighting       | 3 4 5 6 |  6.5
Stealth        | 8 9 10 12 13 15 | 15.9
Staves         | 2 |  2.6

Action                   |  1- 3 |  4- 6 |  7- 9 | 10-12 || total
-------------------------+-------+-------+-------+-------++-------
Melee: Short sword       |     2 |    59 |       |       ||    61
       Dagger            |       |   107 |   233 |   162 ||   502
  Use: Scroll            |       |       |    12 |       ||    12
       Potion            |       |       |       |     1 ||     1
 Stab: Sleeping          |     1 |    30 |    27 |     9 ||    67
       Distracted        |       |       |       |     4 ||     4
Armor: Robe              |       |     6 |       |       ||     6
       Steam dragon scal |       |       |     3 |     4 ||     7
Dodge: Dodged            |     1 |    94 |   129 |    86 ||   310
